 Dungeon Crawl Stone Soup version 0.26.1-2-gb8aa6d0cf2 (webtiles) character file.

Game seed: 17273562767861034113

142 harryhousin the Shield-Bearer (level 5, -5/41 HPs)
             Began as a Human Fighter on Mar 21, 2021.
             Killed by nerve-wracking pain
             ... invoked by Grinder
              (13 damage)
             ... on level 3 of the Dungeon.
             The game lasted 00:18:49 (4058 turns).

harryhousin the Shield-Bearer (Human Fighter)       Turns: 4058, Time: 00:18:50

Health: -5/41      AC:  0    Str: 17    XL:     5   Next: 49%
Magic:  5/5        EV: 13    Int:  8    God:
Gold:   211        SH:  0    Dex: 13    Spells: 4/4 levels left

rFire    . . .     SeeInvis .   (weapon currently unavailable)
rCold    . . .     Faith    .   (shield currently unavailable)
rNeg     . . .     Spirit   .   (armour currently unavailable)
rPois    .         Reflect  .   (helmet currently unavailable)
rElec    .         Harm     .   (cloak currently unavailable)
rCorr    .         Rampage  .   (gloves currently unavailable)
Will     .....                  (boots currently unavailable)
Stlth    +.........             (no amulet)
HPRegen  0.13/turn              (ring currently unavailable)
MPRegen  0.09/turn              (ring currently unavailable)

@: pig-form, very quick
A: small
a: no special abilities


You were on level 3 of the Dungeon.
You were a filthy swine.
You visited 1 branch of the dungeon, and saw 3 of its levels.

You collected 211 gold pieces.

Inventory:

Hand Weapons
 a - a +0 war axe (melded)
Armour
 b - a +0 scale mail (melded)
 c - a +0 kite shield (melded)
 f - a +1 helmet (melded)
Magical Staves
 q - an uncursed staff of conjuration
Scrolls
 i - 2 scrolls of blinking {unknown}
 j - 3 scrolls of enchant weapon {unknown}
 k - a scroll of teleportation {unknown}
 l - 4 scrolls of identify {unknown}
 n - a scroll of fog {unknown}
 r - 2 scrolls of magic mapping {unknown}
 t - a scroll of fear {unknown}
 u - a scroll of noise {unknown}
Potions
 d - a potion of might
 e - a potion of degeneration {unknown}
 g - a potion of curing {unknown}
 h - a potion of heal wounds {unknown}
 m - a potion of magic {unknown}
 o - a potion of haste {unknown}
 p - a potion of mutation {unknown}
 s - a potion of brilliance {unknown}
 v - a potion of lignification {unknown}


   Skills:
 - Level 3.1 Fighting
 + Level 4.1 Axes
 - Level 3.1 Armour
 + Level 4.2 Shields


You had 4 spell levels left.
You didn't know any spells.
Your spell library was empty.

Dungeon Overview and Level Annotations

Branches:
Dungeon (3/15)

Altars:
Qazlal
The Shining One

Annotations:
D:3 Grinder


Message History

You hit Grinder.
Grinder is lightly wounded.
Grinder gestures at you.
You suddenly lose the ability to move!
Grinder hits you.
You writhe in agony.
Grinder zaps a wand.
You resist with some effort. Grinder barely misses you.
Grinder zaps a wand.
You resist with some effort. Grinder hits you!
You writhe in agony.
* * * LOW HITPOINT WARNING * * *
Grinder hits you.
* * * LOW HITPOINT WARNING * * *
You writhe in agony.
* * * LOW HITPOINT WARNING * * *
You can move again.
You hit Grinder but do no damage.
Grinder is lightly wounded.
Grinder gestures at you. Pain shoots through your body!
You die...

#......≈8≈≈8≈..
#..≈≈≈≈≈≈≈≈≈≈≈≈
####..≈≈≈≈≈≈≈≈≈≈≈≈
#..#......≈8≈≈8≈..
#.##.......≈≈≈≈...
#.##........≈≈....
#.###.......≈≈....
#.#.##......≈≈....
#h#..##.....≈≈....
#5....##.....)....
#####.###........#
##.# ##########
##..# ## ##.#.##
#####. ##.###.##
...... ##.## ##.##
...... #.## ##.#
......


You could see Grinder.

Vanquished Creatures
  Crazy Yiuf (D:2)
  An adder (D:2)
  2 oozes (D:3)
  2 worms
  2 dart slugs (D:3)
  4 leopard geckos
  7 orcs (D:3)
  4 giant cockroaches
  6 goblins
  12 hobgoblins
  4 jackals (D:1)
  3 kobolds
  3 quokkas
  A ball python (D:3)
  6 bats
  4 frilled lizards
  A giant cockroach zombie (D:1)
  A jackal zombie (D:1)
  8 rats
72 creatures vanquished.

Notes
Turn   | Place    | Note
-------+----------+-------------------------------------------
     0 | D:1      | harryhousin the Human Fighter began the quest for the Orb.
     0 | D:1      | Reached XP level 1. HP: 18/18 MP: 1/1
   274 | D:1      | Reached XP level 2. HP: 23/24 MP: 2/2
   989 | D:1      | Reached XP level 3. HP: 22/29 MP: 3/3
  2256 | D:2      | Reached XP level 4. HP: 34/35 MP: 4/4
  2464 | D:2      | Found a stormy altar of Qazlal.
  2607 | D:2      | Found a runed translucent door.
  2608 | D:2      | Noticed Crazy Yiuf
  2622 | D:2      | Killed Crazy Yiuf
  3356 | D:3      | Reached XP level 5. HP: 41/41 MP: 5/5
  3453 | D:3      | Found a glowing golden altar of the Shining One.
  4037 | D:3      | Noticed Grinder
  4043 | D:3      | Paralysed by Grinder for 2 turns
  4051 | D:3      | Paralysed by Grinder for 6 turns
  4058 | D:3      | Killed from afar by Grinder

Illustrated notes

Levels and vault maps discovered:
D:1:      saegor_arrival_fortress, layout_basic
D:2:      layout_basic, nicolae_qazlal_eye_of_the_storm, uniq_crazy_yiuf_cottage
D:3:      layout_loops_cross, lemuel_round_altar, kennysheep_cross_room,
          uniq_grinder

Skill      XL: |  1  2  3  4  5 |
---------------+----------------+-----
Axes           | 3 4 |  4.1
Shields        | 4 |  4.2
Fighting       | |  3.1
Armour         | |  3.1

Action                   |  1- 3 |  4- 6 || total
-------------------------+-------+-------++-------
Melee: War axe           |   145 |   117 ||   262
       Unarmed           |       |     4 ||     4
Armor: Scale mail        |    77 |    28 ||   105
Dodge: Dodged            |    46 |    28 ||    74
Block: Kite shield       |    83 |    47 ||   130
